Cogmind - Beta 12 X4 @@@ ROGUE MODE // 2022.09.28 @ 18:46:06 Player: youngster Result: Destroyed by 8R-AWN with 8R-AWN's Boregun Performance ------------- Evolutions (0) 0 Regions Visited (3) 600 Robots Destroyed (30) 150 Value Destroyed (576) 576 Prototype IDs (39) 780 Alien Tech Used (0) 0 Bonus (-341) -341 TOTAL SCORE: 1765 Bonus ------- Aligned with FarCom 300 Friendly Fire -641 Cogmind --------- Core Integrity 0/250 Matter 256/300 Energy 90/125 System Corruption 2% Temperature Cool (0) Movement Treading (320) Ox2 Location -10/Exiles Parts ------- > --- POWER (1) -------- Light Ion Engine > --- PROPULSION (2) --- Light Treads Light Treads > --- UTILITY (2) ------ Huge Storage Unit Light Armor Plating > --- WEAPON (2) ------- Autogun Autogun > --- INVENTORY (25) --- Light Treads Wheel Compact Wheel Light Armor Plating Light Armor Plating Light Armor Plating Light Armor Plating Light EM Pulse Cannon Assault Rifle Heavy Assault Rifle Heavy Assault Rifle Heavy Assault Rifle Heavy Assault Rifle Heavy Assault Rifle Heavy Assault Rifle Autogun EMP Blaster Rocket Launcher Peak State ------------ > --- POWER ------------ Ion Engine > --- PROPULSION ------- Aluminum Leg Wheel > --- UTILITY ---------- Huge Storage Unit Light Armor Plating > --- WEAPON ----------- Autogun EMP Blaster > --- INVENTORY -------- Ion Engine Light Treads Cooling System Small Storage Unit High-capacity Matter Pod Improved Terrain Scanner Seismic Detector Light Armor Plating Light Armor Plating Light Armor Plating Light Armor Plating Light EM Pulse Cannon Assault Rifle Assault Rifle Light Assault Rifle Light Assault Rifle Heavy Assault Rifle Heavy Assault Rifle Heavy Assault Rifle Heavy Assault Rifle Autogun Autogun Autogun EMP Blaster Datajack [Rating: 12] Favorites ----------- Power Ion Engine Engine Ion Engine Propulsion Light Treads Treads Light Treads Leg Aluminum Leg Wheel Wheel Utility Huge Storage Unit Device Seismic Detector Storage Huge Storage Unit Protection Light Armor Plating Weapon Assault Rifle Energy Gun EM Pulse Gun Ballistic Gun Assault Rifle Launcher EMP Blaster Special Melee Weapon Datajack Build | -11 -10 -10 -10 ------- Run | Scr Mat Min Exi Slots Evolved . | . . . . Power . | . . . . Propulsion . | . . . . Utility . | . . . . Weapon . | . . . . Parts Attached 45 | 7 14 15 9 Power 3 | 1 . 1 1 Engine 3 | 1 . 1 1 Core . | . . . . Reactor . | . . . . Propulsion 16 | 2 6 5 3 Treads 8 | 2 2 2 2 Leg 1 | . 1 . . Wheel 7 | . 3 3 1 Hover . | . . . . Flight . | . . . . Utility 10 | 2 5 2 1 Device 3 | 1 1 1 . Storage 2 | 1 1 . . Processor . | . . . . Hackware . | . . . . Protection 5 | . 3 1 1 Artifact . | . . . . Weapon 16 | 2 3 7 4 Energy Gun 2 | 1 1 . . Energy Cannon . | . . . . Ballistic Gun 9 | 1 1 5 2 Ballistic Cannon . | . . . . Launcher 4 | . 1 2 1 Special Weapon . | . . . . Impact Weapon . | . . . . Slashing Weapon . | . . . . Piercing Weapon . | . . . . Special Melee Weapon 1 | . . . 1 Unidentified Prototypes . | . . . . Parts Lost 5 | . 1 3 1 Power 2 | . . 1 1 Propulsion 1 | . . 1 . Utility . | . . . . Weapon 2 | . 1 1 . Highest Loss Streak 2 | . 1 2 1 To Critical Strikes 1 | . . . 1 Average Slot Usage (%) 96 | . 100 99 82 Engine 13 | . 14 13 14 Treads 10 | . 12 9 7 Leg 3 | . 3 4 . Wheel 13 | . 11 13 20 Device 4 | . 7 2 . Storage 14 | . 14 14 14 Protection 9 | . 6 11 14 Energy Gun 4 | . 9 . . Ballistic Gun 18 | . 18 27 2 Special Melee Weapon 1 | . . . 9 Naked Turns . | . . . . Heaviest Build 95 | 15 95 95 94 Greatest Support 40 | 40 40 20 26 Greatest Overweight (x) 9 | . 9 9 5 Average Overweight (x) 6 | . 7 8 3 Largest Inventory Capacity 25 | 8 25 25 25 Average Capacity 23 | 7 22 25 25 Most Carried 25 | 3 25 25 25 Average Carried 20 | 1 16 24 23 Final Capacity 25 | 8 25 25 25 Final Carried 25 | 3 25 25 18 Class Distribution -------------------- 100% | Mutant Dominant Class ---------------- Mutant | -10/Materials Mutant | -10/Mines Mutant | -10/Exiles Resources | -11 -10 -10 -10 ----------- Run | Scr Mat Min Exi Matter Collected 1423 | 282 604 330 207 Remotely . | . . . . Salvage Created 1187 | 119 927 113 28 Parts 69 | 10 50 9 . Haulers Intercepted 1 | . 1 . . Recyclers Shooed 1 | . 1 . . Parts Field Recycled . | . . . . Retrieved Matter . | . . . . Parts Self-Destructed . | . . . . Prevented . | . . . . Kills | -11 -10 -10 -10 ------- Run | Scr Mat Min Exi Combat Hostiles Destroyed 23 | . 14 6 3 Guns 16 | . 14 2 . AOE 7 | . . 4 3 Classes Destroyed 10 | 2 5 3 . Worker 1 | . . 1 . Builder 1 | . 1 . . Tunneler 2 | 2 . . . Hauler 1 | . 1 . . Recycler 5 | 1 4 . . Watcher 2 | . 2 . . Swarmer 8 | . 5 3 . Grunt 9 | . 9 . . Demolisher 1 | . . 1 . Assembled 9 | . . 2 7 Best Kill Streak 6 | 3 6 3 3 Combat Bots Only 3 | . 3 3 3 Max Kills in Single Turn 4 | 2 2 2 4 Gunslinging 1 | . 1 . . Exploded 2 | . . 2 2 Melee . | . . . . Uniques/NPCs Destroyed . | . . . . Combat | -11 -10 -10 -10 -------- Run | Scr Mat Min Exi Damage Taken 1275 | . 512 353 410 Core 251 | . 77 43 131 Absorbed by Shields . | . . . . Core Remaining (%) 100 | 100 . . . Volleys Fired 104 | 4 65 20 15 Largest 2 | 2 2 2 2 Hottest 60 | 60 60 46 46 Shots Fired 201 | 8 131 35 27 Gun 193 | 8 131 30 24 Cannon . | . . . . Launcher 8 | . . 5 3 Special . | . . . . Kinetic 140 | 4 82 30 24 Thermal . | . . . . Explosive 6 | . . 3 3 Electromagnetic 55 | 4 49 2 . Robot Hit Streak 10 | 2 10 5 8 Robot Miss Streak 4 | 2 4 2 2 Penetration Max . | . . . . Secondary Targets 2 | . 2 . . Max Gunslinging Chain 1 | . 1 . . Shots Hit Robots 116 | 3 73 19 21 Core Hits 54 | 3 33 8 10 Critical Kills . | . . . . Critical Parts Destroyed 1 | . 1 . . Critical Strikes 1 | . 1 . . Destroy 1 | . 1 . . Melee Attacks 5 | . . . 5 Impact . | . . . . Slashing . | . . . . Piercing . | . . . . Sneak Attacks 5 | . . . 5 Combat Hostiles . | . . . . Follow-up Attacks . | . . . . Damage Inflicted 2209 | 113 1090 402 604 Guns 1507 | 40 949 278 240 Cannons . | . . . . Explosions 702 | 73 141 124 364 Melee . | . . . . Ramming . | . . . . Kinetic 1112 | 12 582 278 240 Thermal 244 | 73 141 30 . Explosive 391 | . . 27 364 Electromagnetic 462 | 28 367 67 . Impact . | . . . . Slashing . | . . . . Piercing . | . . . . Highest Corruption 2 | . 2 2 2 Average Corruption 2 | . 2 2 2 Corruption Purged . | . . . . Corruption Blocked . | . . . . Effects 47 | . 11 26 10 Message Errors 15 | . 2 10 3 Matter Fused 11 | . 3 5 3 Heat Flow Errors 6 | . 3 3 . Energy Discharges 2 | . 2 . . Data Loss (minor) 8 | . . 4 4 Data Loss (major) 1 | . . 1 . Misfires 2 | . 1 1 . Alerts 2 | . . 2 . Overload Shots . | . . . . Overflow Damage 6 | . . 6 . Projectiles . | . . . . Explosions 6 | . . 6 . Melee . | . . . . Knockbacks . | . . . . Impact . | . . . . Kinetic . | . . . . Secondary . | . . . . Self-Inflicted Damage 61 | . 9 52 . Shots 3 | . 1 2 . Rammed . | . . . . Targets Rammed . | . . . . Kicked . | . . . . Crushed . | . . . . Highest Temperature 245 | . 228 245 35 Average Temperature 51 | . 43 84 16 Received Heat Transfer 207 | . 207 . . Siege Activations . | . . . . Robots Corrupted . | . . . . Combat Hostiles . | . . . . Parts Fried . | . . . . Impact Corruptions . | . . . . Robots Melted . | . . . . Combat Hostiles . | . . . . Parts Melted . | . . . . Heat Transferred 250 | 50 150 50 . Parts Sabotaged . | . . . . Parts Stolen . | . . . . Parts Stripped . | . . . . Power Chain Reactions 6 | 1 4 1 . Missiles Intercepted . | . . . . Alert | -11 -10 -10 -10 ------- Run | Scr Mat Min Exi Peak Influence 360 | 15 360 125 . Initial 25 | . 9 25 . Average 71 | 5 107 28 . Maximum Alert Level 1 | . 1 . . Low Security (%) 84 | 100 72 100 . Level 1 15 | . 27 . . Level 2 . | . . . . Level 3 . | . . . . Level 4 . | . . . . Level 5 . | . . . . High Security . | . . . . Max Security . | . . . . Squads Dispatched 6 | . 6 . . Investigation 4 | . 4 . . Extermination . | . . . . Reinforcement 2 | . 2 . . Assault . | . . . . Garrison . | . . . . Intercept . | . . . . Searches Triggered . | . . . . Construction Impeded . | . . . . Haulers Reinforced . | . . . . Active Scanning Responses . | . . . . Cargo Convoy Interrupts . | . . . . Stealth | -11 -10 -10 -10 --------- Run | Scr Mat Min Exi Distress Signals 3 | . 2 1 . Communications Jammed . | . . . . Distress Signals . | . . . . Times Spotted 43 | . 27 12 4 Peak Tracking Total 5 | . 5 5 5 Tactical Retreats 3 | . 3 . . Traps | -11 -10 -10 -10 ------- Run | Scr Mat Min Exi Traps Triggered 2 | . 2 . . Indirectly . | . . . . Trap Hack Attempts . | . . . . Triggered . | . . . . Disarmed . | . . . . Reprogrammed . | . . . . Reused . | . . . . Traps Extracted . | . . . . Installed . | . . . . Triggered . | . . . . Machines | -11 -10 -10 -10 ---------- Run | Scr Mat Min Exi Machines Disabled 7 | . 3 1 3 Max in Single Turn 2 | . 1 1 2 Machines Sabotaged . | . . . . Overloaded Fab Kills . | . . . . Hacking | -11 -10 -10 -10 --------- Run | Scr Mat Min Exi Machines Accessed 11 | . 9 . 2 Terminals 6 | . 6 . . Fabricators . | . . . . Repair Stations 1 | . 1 . . Recycling Units 2 | . 2 . . Scanalyzers . | . . . . Garrison Access . | . . . . Total Hacks 32 | . 30 . 2 Successful 18 | . 16 . 2 Failed 13 | . 13 . . Catastrophic . | . . . . Database Lockouts 1 | . 1 . . Manual 22 | . 21 . 1 Terminals 25 | . 25 . . Fabricators . | . . . . Repair Stations 2 | . 2 . . Recycling Units 3 | . 3 . . Scanalyzers . | . . . . Garrison Access . | . . . . Terminal Hacks 11 | . 9 . 2 Record 1 | . . . 1 Part Schematic 1 | . 1 . . Robot Analysis 2 | . 2 . . Prototype ID Bank 1 | . 1 . . Repair Station Index 1 | . 1 . . Unreport Threat 1 | . 1 . . Locate Traps 1 | . 1 . . Hauler Manifests 1 | . 1 . . Zone Layout 1 | . 1 . . EX-Prototype ID Bank 1 | . . . 1 Fabricator Hacks . | . . . . Repair Station Hacks 1 | . 1 . . Scan Component 1 | . 1 . . Recycling Unit Hacks . | . . . . Scanalyzer . | . . . . Garrison Access Hacks . | . . . . Unauthorized Hacks 6 | . 6 . . Terminals 4 | . 4 . . Assimilate 1 | . 1 . . Botnet 2 | . 2 . . Operators 1 | . 1 . . Fabricators . | . . . . Repair Stations . | . . . . Recycling Units 2 | . 2 . . Tunnel 2 | . 2 . . Scanalyzers . | . . . . Garrison Access . | . . . . Data Cores Recovered . | . . . . Used . | . . . . Hacking Detections 8 | . 8 . . Full Trace Events 1 | . 1 . . Feedback Events . | . . . . Feedback Blocked . | . . . . Robot Schematics Acquired . | . . . . Robots Built . | . . . . Authchips . | . . . . Time . | . . . . Total Robot Build Rating . | . . . . Part Schematics Acquired 1 | . 1 . . Parts Built . | . . . . Authchips . | . . . . Time . | . . . . Total Part Build Rating . | . . . . Parts Repaired . | . . . . Time . | . . . . Parts Recycled . | . . . . Recycled Matter . | . . . . Retrieved Matter . | . . . . Retrieved Components . | . . . . Parts Scanalyzed . | . . . . Part Schematics Acquired . | . . . . Parts Damaged . | . . . . Bothacking | -11 -10 -10 -10 ------------ Run | Scr Mat Min Exi Used RIF Installer . | . . . . Robots Hacked 4 | . . . 4 Non-combat 3 | . . . 3 Combat 1 | . . . 1 Robot Hacks Applied 5 | . . . 5 parse_system 5 | . . . 5 Relay Couplers Released . | . . . . Fabnet Peak Effective % . | . . . . Robots Rewired . | . . . . Allies Hacked . | . . . . Hacks Repelled . | . . . . Allies | -11 -10 -10 -10 -------- Run | Scr Mat Min Exi Total Allies 1 | . 1 . . Largest Group 1 | . 1 1 . Highest-Rated Group 10 | . 10 10 . Highest-Rated Ally 10 | . 10 10 . Total Orders 5 | . 4 1 . STAY 3 | . 2 1 . FOLLOW 2 | . 2 . . Ally Attacks . | . . . . Total Damage . | . . . . Kills . | . . . . Allies Corrupted . | . . . . Allies Melted . | . . . . Intel | -11 -10 -10 -10 ------- Run | Scr Mat Min Exi Robot Analysis Total 2 | . 2 . . Derelict Logs Recovered 1 | . . 1 . Drone Launches . | . . . . Drone Recoveries . | . . . . Exploration | -11 -10 -10 -10 ------------- Run | Scr Mat Min Exi Turns Passed 4732 | 114 2154 1662 802 Spaces Moved 2121 | 57 881 700 483 Core 2 | 2 . . . Treads 186 | 55 122 9 . Legs . | . . . . Wheels 1933 | . 759 691 483 Hover . | . . . . Flight . | . . . . Fastest Speed 50 | 50 160 175 135 Average Speed 191 | 156 201 210 149 Slowest Speed 480 | 160 215 480 175 Overloaded Moves . | . . . . Propulsion Burnouts . | . . . . Robots Hopped . | . . . . Cave-ins Triggered . | . . . . Exploration Rate (%) 65 | 4 99 98 61 Regions Visited 3 Branch Regions 2 Pre-discovered Areas 3 | . 2 . 1 Known Exits Taken . | . . . . Unknown Exits Taken 3 | 1 1 1 . Scrap Searched 1 | . . 1 . Spaces Dug 30 | . . 30 . Terrain Destroyed 70 | 2 12 35 21 Melee . | . . . . Projectile . | . . . . AOE 70 | 2 12 35 21 Terrain Rammed . | . . . . Walls Destroyed . | . . . . Machines Disabled . | . . . . Actions | -11 -10 -10 -10 --------- Run | Scr Mat Min Exi Total 2607 | 71 1130 861 545 Wait 252 | . 141 110 1 Move 2118 | 56 880 699 483 Hop . | . . . . Pick Up 52 | 4 26 9 13 Fast Attach 7 | 6 . 1 . Attach 9 | 1 1 3 4 Detach . | . . . . Swap 29 | . 13 11 5 Drop 31 | . 4 8 19 Fire 104 | 4 65 20 15 Melee 5 | . . . 5 Ram . | . . . . Kick . | . . . . Crush . | . . . . Escape Stasis . | . . . . Rewire . | . . . . Trap . | . . . . Miscellaneous . | . . . . Route ------- -11/Scrapyard -10/Materials (discovered 4 exits: [*Mat x3] / [*Min]) -10/Mines (discovered 3 exits: [*Mat x2] / *Exi) -10/Exiles (discovered 1 exit: [*Min]) History --------- Turn | Location | Event 12 | -11/Scrapyard | Discovered new exit (range 15) 115 | -11/Scrapyard | Entered Materials 306 | -10/Materials | Build established: Mutant 529 | -10/Materials | Discovered new exit (range 13) 928 | -10/Materials | Discovered new exit (range 3) 955 | -10/Materials | Central database locked down 1259 | -10/Materials | Discovered new exit (range 16) 1960 | -10/Materials | Discovered new exit (range 8) 2269 | -10/Materials | Entered Mines 2269 | -10/Mines | Accompanied by 1 ally 2533 | -10/Mines | Received a Rocket Launcher from a helpful Derelict 2582 | -10/Mines | Assembled infested the area 2868 | -10/Mines | Joined a pair of Derelicts in attacking an 0b10 outpost 2976 | -10/Mines | A weapon hastily lodged in a ceiling crevice suddenly fell to the ground 3016 | -10/Mines | Deemed a non-threat by the Exiles lab entrance 3016 | -10/Mines | Discovered new exit (range 5) 3143 | -10/Mines | Discovered new exit (range 10) 3445 | -10/Mines | Learned Materials terminal intel 3703 | -10/Mines | Discovered new exit (range 8) 3931 | -10/Mines | Entered Exiles 3962 | -10/Exiles | Discovered new exit (range 15) 4108 | -10/Exiles | Met 8R-AWN 4247 | -10/Exiles | Met EX-HEX 4288 | -10/Exiles | Met EX-BIN 4308 | -10/Exiles | Aligned with FarCom system 4310 | -10/Exiles | Given EX-Vault access code 4341 | -10/Exiles | Opened EX-Vault 4372 | -10/Exiles | Warned to stay clear of 0b10 Research branches 4415 | -10/Exiles | Learned location of Zion (-7) 4416 | -10/Exiles | Met EX-DEC 4693 | -10/Exiles | Attacked by the Exiles 4696 | -10/Exiles | Core integrity fell below 50% 4720 | -10/Exiles | Core integrity fell below 20% 4733 | -10/Exiles | Destroyed by 8R-AWN with 8R-AWN's Boregun Last Messages --------------- 04710_ HV Slug penetrates Wall. 04712_ Extracted 8 matter. 04713_ Penetrated by HV Slug. 04713_ HV Slug penetrates Wall. 04713_ Penetrated by HV Slug. 04715_ Extracted 8 matter. 04715_ Penetrated by HV Slug. 04717_ Extracted 8 matter. 04717_ Penetrated by HV Slug. 04719_ HV Slug penetrates Wall. 04720_ Extracted 1 matter. 04722_ Penetrated by HV Slug. 04724_ HV Slug penetrates Wall. 04726_ Penetrated by HV Slug. 04726_ HV Slug penetrates Wall. 04727_ The unstable cave ceiling collapses. 04728_ Penetrated by HV Slug. 04731_ Critical hit (Destroy). 04731_ Ion Engine destroyed. 04731_ Penetrated by HV Slug. Map ----- +----------------------------------------------------+ | """#??????????????????????????????????? | | """#??????????????????????????????????? | | """#??????????????????????????????????? | | """#??????????????????????????????????? | | """##?????????????????????????????????? | | """""?????????????????????????????????? | | """##?????????????????????????????????? | | "X" """"??????????????????????????????????? | | """ #??????????????????????????????????? | | """""""""#??????????????????????????????????? | | ###########??????????????????????????????????? | | #????????????????????????????????????????????? | | #????????????????????????????????????????????? | | ##???????????????????????????????????????????? | | ##???####;######????????????????????????????? | | #####"""" """"##???????????????????????????? | | " """ """"##??????????????????????????? | | " " #??????????????????????????? | | """#??????????????????????????? | | a"#???????????#####??????????? | | " "##?????????##" #??????????? | | "###???????#" #??????????? | | "" ""#??????##" ##?????????? | | #""" "###??### ###???????? | | #####""" ;;#??# /######### | | ????##""" !@##?## !!#""""## | | ?????#"""" !!!;## ! | | ????##"" g ## | | ?####"""" #### | | ##""" ""#?#"""""#### | | """ #"""##?#######??####* | | ######??????????????## | | ##????????????????????? | | #?????????????????????? | | "" #?????????????????????? | | ##""" " " "" % ##?????????????????????? | | ######""" """ # ???????????????????????? | | #????###""""## ##???????????????????????? | | ####???######??? # #?????????????????????????? | | " #???????????????##??????????????????????????? | | !#???????????????????????????????????????????? | | !"#???????????????????????????????????????????? | | "" "#???????????????????????????????????????????? | | ######???????????????????????????????????????????? | | ?????????????????????????????????????????????????? | | ?????????????????????????????????????????????????? | | ?????????????????????????????????????????????????? | | ?????????????????????????????????????????????????? | | ?????????????????????????????????????????????????? | | ?????????????????????????????????????????????????? | +----------------------------------------------------+ Best States ------------- Heat Dissipation 25 Energy Generation 10 Energy Capacity 250 Matter Stores 300 Matter Capacity 300 Sight Range 16 Terrain Scan Density 10 Armor Coverage 150 Evasion (%) 40 Recoil Reduction 2 Item Schematics ----------------- Huge Storage Unit | -10/Materials | Hacked Robot Schematics ------------------ None Fabricated ------------ Nothing Alien Tech Used ----------------- None Achievements -------------- None Challenges ------------ None Game ------ Seed AlphaArmoredReconfigurator Manual? 0 Play Time 00:26:10 Cumulative 341.1 hours Start 2022.09.28 @ 18:21:14 End 2022.09.28 @ 18:46:06 Sessions 1 Manual Loads 0 Difficulty Rogue Special Mode None Game No. 157 Rogue 157 Adventurer 0 Explorer 0 Win Type - Total 8 Types 5/0/1/1/0/0/0/1/0 Lore% 87 Gallery% 92 Achievement% 70 Wizard Run 0 Options --------- ASCII 1 Keyboard 1 Movement Vi Keybinds 0 Fullscreen 2 Font 18/Cog Map View 76x50 Tactical HUD 1 Map Filters NONE Filters NONE Steam 0 RUN: d319b576-4e7f-49e8-b011-62234c9135c3